3A
GRIM REAPERS @ CAPE CORAL REEFERS
09/06/2037
 
TOP OF THE 1ST
Grim Reapers batting - Pitching for Cape Coral Reefers : RHP Ismael Pérez
Pitching: RHP Ismael Pérez
Batting: SHB Leonard Davis 0-0: Ball
1-0: Swinging Strike
1-1: Foul Ball, location: 2F
1-2: Strikes out swinging
Batting: SHB Tekkan Hayagawa 0-0: Ball
1-0: Foul Ball, location: 2F
1-1: Ball
2-1: Ground out U3 (Groundball, 3L, EV 86.9 MPH)
Batting: RHB Kiyohira Kan 0-0: Ball
1-0: Ball
2-0: Ball
3-0: Called Strike
3-1: Base on Balls
Batting: SHB Fernando Urby 0-0: Called Strike
0-1: Ball
1-1: Swinging Strike
1-2: Foul Ball, location: 2F
1-2: Strikes out swinging
Top of the 1st over - 0 runs, 0 hits, 0 errors, 1 left on base; Grim 0 - Cape Coral 0
BOTTOM OF THE 1ST
Cape Coral Reefers batting - Pitching for Grim Reapers : RHP Marcel Bloemheuvel
Pitching: RHP Marcel Bloemheuvel
Batting: SHB Jhett Larson 0-0: Ball
1-0: Called Strike
1-1: SINGLE (Line Drive, 78S, EV 99.4 MPH)
Batting: LHB Mike Fisher 0-0: SINGLE (Line Drive, 9LS, EV 96.9 MPH)
Jhett Larson to second
Runner from 2nd tries for 3rd, SAFE, throw by RF made to third
Batting: LHB Bob Giles 0-0: Ball
1-0: Called Strike
1-1: Fly out, F8 (Flyball, 8LS, EV 95.6 MPH)
Batting: RHB Tom Camden 0-0: Ball
1-0: Foul Ball, location: 2F
1-1: Called Strike
1-2: SINGLE (Groundball, 56, EV 83.8 MPH) (infield hit)
Jhett Larson scores
Mike Fisher to second
Batting: LHB Keaton Kringlen 0-0: Ball
1-0: Called Strike
Mike Fisher steals 3rd base
1-1: Ball
2-1: Fly out, F9 (Flyball, 9, EV 93.8 MPH)
Runner from 3rd tags up, OUT at HOME! 9-2
Bottom of the 1st over - 1 run, 3 hits, 0 errors, 1 left on base; Grim 0 - Cape Coral 1
TOP OF THE 2ND
Grim Reapers batting - Pitching for Cape Coral Reefers : RHP Ismael Pérez
Batting: RHB Lonnie Doble 0-0: Ball
1-0: Fly out, F9 (Flyball, 9, EV 76.2 MPH)
Batting: LHB Lorenzo Ortíz 0-0: Ground out 4-3 (Groundball, 4, EV 108.1 MPH)
Batting: RHB Chi-eun Mun 0-0: DOUBLE (Line Drive, 7LS, EV 105.0 MPH)
Batting: RHB Adrián Sánchez 0-0: Called Strike
0-1: Swinging Strike
0-2: Ball
1-2: Ball
2-2: Strikes out looking
Top of the 2nd over - 0 runs, 1 hit, 0 errors, 1 left on base; Grim 0 - Cape Coral 1
BOTTOM OF THE 2ND
Cape Coral Reefers batting - Pitching for Grim Reapers : RHP Marcel Bloemheuvel
Batting: RHB Ruby Rhod 0-0: Called Strike
0-1: Ball
1-1: Swinging Strike
1-2: Strikes out swinging
Batting: RHB José Álvarez 0-0: Ball
1-0: Foul Ball, location: 2F
1-1: Fly out, F3 (Popup, 23F, EV 83.8 MPH)
Batting: RHB Sadiya Seth 0-0: Ball
1-0: Ball
2-0: Foul Ball, location: 2F
2-1: Ball
3-1: TRIPLE (Line Drive, 89XD, EV 108.1 MPH)
Batting: RHB Matthew Hunt 0-0: Called Strike
0-1: Ball
1-1: Foul Ball, location: 2F
1-2: Strikes out swinging
Bottom of the 2nd over - 0 runs, 1 hit, 0 errors, 1 left on base; Grim 0 - Cape Coral 1
TOP OF THE 3RD
Grim Reapers batting - Pitching for Cape Coral Reefers : RHP Ismael Pérez
Batting: RHB Cristo Mercado 0-0: Called Strike
0-1: Fly out, F7 (Flyball, 78D, EV 101.2 MPH)
Batting: SHB Leonard Davis 0-0: Ball
1-0: Ball
2-0: Called Strike
2-1: Foul Ball, location: 2F
2-2: Strikes out swinging
Batting: SHB Tekkan Hayagawa 0-0: Called Strike
0-1: Swinging Strike
0-2: Ball
1-2: Foul Ball, location: 2F
1-2: Ball
2-2: Strikes out swinging
Top of the 3rd over - 0 runs, 0 hits, 0 errors, 0 left on base; Grim 0 - Cape Coral 1
BOTTOM OF THE 3RD
Cape Coral Reefers batting - Pitching for Grim Reapers : RHP Marcel Bloemheuvel
Batting: SHB Jhett Larson 0-0: Swinging Strike
0-1: SINGLE (Line Drive, 7S, EV 87.5 MPH)
Batting: LHB Mike Fisher 0-0: Swinging Strike
0-1: Called Strike
0-2: Ball
1-2: Ball
2-2: Ball
3-2: Fly out, F7 (Flyball, 7, EV 95.0 MPH)
Batting: LHB Bob Giles 0-0: Ball
1-0: Ball
2-0: Called Strike
2-1: SINGLE (Groundball, 6, EV 85.6 MPH) (infield hit)
Jhett Larson to second
Batting: RHB Tom Camden 0-0: Ball
1-0: 3-RUN HOME RUN (Flyball, 78XD, EV 100.0 MPH), Distance : 388 ft
Batting: LHB Keaton Kringlen 0-0: Called Strike
0-1: Ball
1-1: Swinging Strike
1-2: Foul Ball, location: 2F
1-2: Foul Ball, location: 2F
1-2: Ball
2-2: Ball
3-2: Fly out, F7 (Flyball, 7LM, EV 88.1 MPH)
Batting: RHB Ruby Rhod 0-0: Called Strike
0-1: Ball
1-1: Called Strike
1-2: SINGLE (Line Drive, 6MD, EV 99.4 MPH)
Batting: RHB José Álvarez 0-0: Ball
1-0: Ball
2-0: Ball
3-0: Called Strike
3-1: Base on Balls
Ruby Rhod to second
Batting: RHB Sadiya Seth 0-0: Ball
1-0: Foul Ball, location: 2F
1-1: Fly out, F8 (Line Drive, 8RD, EV 97.5 MPH)
Bottom of the 3rd over - 3 runs, 4 hits, 0 errors, 2 left on base; Grim 0 - Cape Coral 4
TOP OF THE 4TH
Grim Reapers batting - Pitching for Cape Coral Reefers : RHP Ismael Pérez
Batting: RHB Kiyohira Kan 0-0: Ball
1-0: Ground out 6-3 (Groundball, 56, EV 84.4 MPH)
Batting: SHB Fernando Urby 0-0: Ball
1-0: Ball
2-0: Foul Ball, location: 2F
2-1: Swinging Strike
2-2: Foul Ball, location: 2F
2-2: Foul Ball, location: 2F
2-2: Foul Ball, location: 2F
2-2: Strikes out swinging
Batting: RHB Lonnie Doble 0-0: Ball
1-0: Called Strike
1-1: Ball
2-1: Fly out, F7 (Flyball, 7S, EV 81.9 MPH)
Top of the 4th over - 0 runs, 0 hits, 0 errors, 0 left on base; Grim 0 - Cape Coral 4
BOTTOM OF THE 4TH
Cape Coral Reefers batting - Pitching for Grim Reapers : RHP Marcel Bloemheuvel
Batting: RHB Matthew Hunt 0-0: Called Strike
0-1: Ball
1-1: Ball
2-1: Called Strike
2-2: Ground out 6-3 (Groundball, 6M, EV 81.2 MPH)
Batting: SHB Jhett Larson 0-0: Ball
1-0: Ball
2-0: Ball
3-0: Base on Balls
Batting: LHB Mike Fisher 0-0: Called Strike
0-1: Ball
1-1: Ground out U3 (Groundball, 3, EV 101.9 MPH)
Jhett Larson to second
Batting: LHB Bob Giles 0-0: Foul Ball, location: 2F
0-1: Called Strike
0-2: DOUBLE (Line Drive, 7LM, EV 108.8 MPH)
Jhett Larson scores
Pitching: RHP Ed Barrick
Batting: RHB Tom Camden 0-0: Called Strike
0-1: Ball
Wild Pitch!
Bob Giles to third
1-1: Ball
2-1: Ball
3-1: Foul Ball, location: 2F
3-2: Fly out, F8 (Flyball, 8RD, EV 83.8 MPH)
Bottom of the 4th over - 1 run, 1 hit, 0 errors, 1 left on base; Grim 0 - Cape Coral 5
TOP OF THE 5TH
Grim Reapers batting - Pitching for Cape Coral Reefers : RHP Ismael Pérez
Batting: LHB Lorenzo Ortíz 0-0: Called Strike
0-1: Ball
1-1: Ball
2-1: Ball
3-1: Called Strike
3-2: Ground out 4-3 (Groundball, 4, EV 78.1 MPH)
Batting: RHB Chi-eun Mun 0-0: Ball
1-0: Ball
2-0: Called Strike
2-1: Foul Ball, location: 2F
2-2: Ball
3-2: Hit by Pitch
Batting: RHB Adrián Sánchez 0-0: Foul Ball, location: 2F
0-1: Ball
1-1: Called Strike
1-2: Strikes out swinging
Batting: RHB Cristo Mercado 0-0: Ball
1-0: Ball
2-0: Swinging Strike
2-1: Foul Ball, location: 2F
2-2: Foul Ball, location: 2F
2-2: Foul Ball, location: 2F
2-2: SINGLE (Line Drive, 89S, EV 98.1 MPH)
Chi-eun Mun to second
Batting: SHB Leonard Davis 0-0: Ball
1-0: Ball
2-0: Called Strike
2-1: Foul Ball, location: 2F
2-2: Foul Ball, location: 2F
2-2: Foul Ball, location: 2F
2-2: Hit by Pitch
Chi-eun Mun to third
Cristo Mercado to second
Batting: SHB Tekkan Hayagawa 0-0: Ball
1-0: Foul Ball, location: 2F
1-1: Ball
2-1: Foul Ball, location: 2F
2-2: Strikes out swinging
Top of the 5th over - 0 runs, 1 hit, 0 errors, 3 left on base; Grim 0 - Cape Coral 5
BOTTOM OF THE 5TH
Cape Coral Reefers batting - Pitching for Grim Reapers : RHP Ed Barrick
Batting: LHB Keaton Kringlen 0-0: Ball
1-0: Called Strike
1-1: Ball
2-1: Ball
3-1: SINGLE (Line Drive, 9S, EV 101.2 MPH)
Batting: RHB Ruby Rhod 0-0: Called Strike
0-1: Foul Ball, location: 2F
0-2: Ball
1-2: Ball
2-2: Hit by Pitch
Keaton Kringlen to second
Batting: RHB José Álvarez 0-0: Sac Bunt to 25 - play at first, batter OUT! 5-3
Keaton Kringlen to third
Ruby Rhod to second
Batting: RHB Sadiya Seth 0-0: Foul Ball, location: 2F
0-1: Swinging Strike
0-2: Ground out 6-3 (Groundball, 6, EV 88.8 MPH)
Keaton Kringlen scores
Batting: RHB Matthew Hunt 0-0: Called Strike
0-1: Swinging Strike
0-2: Ball
1-2: Ball
2-2: Ball
3-2: Base on Balls
Batting: SHB Jhett Larson 0-0: Called Strike
0-1: Swinging Strike
0-2: Ball
1-2: Foul Ball, location: 7LSF, Error on foul ball, E7
1-2: Fielders Choice at 2nd, 6-4 (Groundball, 56, EV 99.4 MPH)
Bottom of the 5th over - 1 run, 1 hit, 1 error, 2 left on base; Grim 0 - Cape Coral 6
TOP OF THE 6TH
Grim Reapers batting - Pitching for Cape Coral Reefers : RHP Ismael Pérez
Batting: RHB Kiyohira Kan 0-0: Called Strike
0-1: Ball
1-1: Ball
2-1: Called Strike
2-2: Fly out, F7 (Flyball, 7LSF, EV 80.0 MPH)
Batting: SHB Fernando Urby 0-0: Ball
1-0: Swinging Strike
1-1: Foul Ball, location: 2F
1-2: Ball
2-2: Strikes out swinging
Batting: RHB Lonnie Doble 0-0: Ball
1-0: Fly out, F7 (Flyball, 7, EV 85.0 MPH)
Top of the 6th over - 0 runs, 0 hits, 0 errors, 0 left on base; Grim 0 - Cape Coral 6
BOTTOM OF THE 6TH
Cape Coral Reefers batting - Pitching for Grim Reapers : RHP Ed Barrick
Batting: LHB Mike Fisher 0-0: SINGLE (Groundball, 6M, EV 105.6 MPH)
Batting: LHB Bob Giles 0-0: Ball
1-0: Swinging Strike
1-1: Ball
2-1: Fly out, F8 (Line Drive, 8RM, EV 102.5 MPH)
Batting: RHB Tom Camden 0-0: Ball
Mike Fisher steals 2nd base (no throw)
1-0: Called Strike
1-1: Ball
2-1: Swinging Strike
2-2: Strikes out looking
Batting: LHB Keaton Kringlen 0-0: Called Strike
0-1: SINGLE (Line Drive, 9LS, EV 100.0 MPH)
Mike Fisher to third
Runner from 3rd tries for Home, SAFE, throw by RF to home
Batting: RHB Ruby Rhod 0-0: Fielders Choice at 2nd, U6 (Groundball, 6M, EV 78.8 MPH)
Bottom of the 6th over - 1 run, 2 hits, 0 errors, 1 left on base; Grim 0 - Cape Coral 7
TOP OF THE 7TH
Grim Reapers batting - Pitching for Cape Coral Reefers : RHP Ismael Pérez
Batting: LHB Lorenzo Ortíz 0-0: Ground out 1-3 (Groundball, 13, EV 90.6 MPH)
Batting: RHB Chi-eun Mun 0-0: Ball
1-0: Ball
2-0: Ball
3-0: Called Strike
3-1: Foul Ball, location: 2F
3-2: Foul Ball, location: 2F
3-2: Foul Ball, location: 2F
3-2: Ground out 5-3 (Groundball, 56S, EV 68.8 MPH)
Batting: RHB Adrián Sánchez 0-0: Fly out, F9 (Flyball, 9LM, EV 98.1 MPH)
Top of the 7th over - 0 runs, 0 hits, 0 errors, 0 left on base; Grim 0 - Cape Coral 7
BOTTOM OF THE 7TH
Cape Coral Reefers batting - Pitching for Grim Reapers : RHP Ed Barrick
Batting: RHB José Álvarez 0-0: Foul Ball, location: 2F
0-1: SINGLE (Groundball, 34D, EV 97.5 MPH)
Batting: RHB Sadiya Seth 0-0: Called Strike
0-1: Ball
1-1: Fly out, F4 (Popup, 13, EV 73.8 MPH)
Batting: RHB Matthew Hunt 0-0: Ball
1-0: Called Strike
1-1: Foul Ball, location: 2F
1-2: Ball
2-2: Ball
3-2: Base on Balls
José Álvarez to second
Pitching: RHP Marty Beard
Batting: SHB Jhett Larson 0-0: Called Strike
0-1: SINGLE (Flyball, 78S, EV 97.5 MPH)
José Álvarez to third
Matthew Hunt to second
Batting: LHB Mike Fisher 0-0: Called Strike
0-1: Swinging Strike
0-2: Strikes out swinging
Batting: LHB Bob Giles 0-0: Ball
1-0: Ball
2-0: SINGLE (Groundball, 56D, EV 95.6 MPH)
José Álvarez scores
Matthew Hunt to third
Jhett Larson to second
Runner from 3rd tries for Home, SAFE, no throw by LF
Batting: RHB Tom Camden 0-0: Ball
1-0: Called Strike
1-1: SINGLE (Groundball, 6D, EV 95.6 MPH)
Jhett Larson to third
Bob Giles to second
Runner from 3rd tries for Home, SAFE, no throw by LF
Batting: LHB Keaton Kringlen 0-0: Foul Ball, location: 2F
0-1: Fly out, F8 (Flyball, 8RS, EV 89.4 MPH)
Bottom of the 7th over - 3 runs, 4 hits, 0 errors, 2 left on base; Grim 0 - Cape Coral 10
TOP OF THE 8TH
Grim Reapers batting - Pitching for Cape Coral Reefers : RHP Ismael Pérez
Batting: RHB Cristo Mercado 0-0: Called Strike
0-1: Ball
1-1: SINGLE (Groundball, 6MD, EV 95.6 MPH)
Pitching: RHP Hyeon-uk Sa
Batting: SHB Leonard Davis 0-0: Ground out U3 (Groundball, 34S, EV 69.4 MPH)
Cristo Mercado to second
Batting: SHB Tekkan Hayagawa 0-0: Called Strike
0-1: Ball
1-1: Ground out U3 (Groundball, 3L, EV 100.0 MPH)
Cristo Mercado to third
Batting: RHB Kiyohira Kan 0-0: Swinging Strike
0-1: Called Strike
0-2: Strikes out swinging
Top of the 8th over - 0 runs, 1 hit, 0 errors, 1 left on base; Grim 0 - Cape Coral 10
BOTTOM OF THE 8TH
Cape Coral Reefers batting - Pitching for Grim Reapers : RHP Marty Beard
Batting: RHB Ruby Rhod 0-0: Foul Ball, location: 2F
0-1: Called Strike
0-2: Fly out, F8 (Flyball, 8RS, EV 87.5 MPH)
Batting: RHB José Álvarez 0-0: Called Strike
0-1: Ball
1-1: Ball
2-1: Swinging Strike
2-2: Fly out, F9 (Flyball, 9LSF, EV 87.5 MPH)
Pinch Hitting: RHB Garrett Crocker 0-0: Swinging Strike
0-1: Swinging Strike
0-2: Ball
1-2: DOUBLE (Line Drive, 7LS, EV 97.5 MPH)
Batting: RHB Matthew Hunt 0-0: Ball
1-0: Ground out 5-3 (Groundball, 56, EV 103.1 MPH)
Bottom of the 8th over - 0 runs, 1 hit, 0 errors, 1 left on base; Grim 0 - Cape Coral 10
TOP OF THE 9TH
Grim Reapers batting - Pitching for Cape Coral Reefers : RHP Hyeon-uk Sa
Now in LF: Garrett Crocker
Batting: SHB Fernando Urby 0-0: Ball
1-0: Ball
2-0: Called Strike
2-1: Fly out, F9 (Flyball, 9, EV 85.6 MPH)
Batting: RHB Lonnie Doble 0-0: Swinging Strike
0-1: Swinging Strike
0-2: Strikes out looking
Batting: LHB Lorenzo Ortíz 0-0: Called Strike
0-1: Foul Ball, location: 2F
0-2: Ball
1-2: Strikes out looking
Top of the 9th over - 0 runs, 0 hits, 0 errors, 0 left on base; Grim 0 - Cape Coral 10
Thursday, January 23rd, 2020 - OOTP Baseball 20.8 Build 74